Map: Backwater LE

Players

Hznx - Winner!

  • Race: Protoss Protoss
  • Spawn Location: 5:00

CinDra

  • Race: Protoss Protoss
  • Spawn Location: 11:00

VOD

Have the link to the VOD?

Description

Time

  • Played on: Jan. 23, 2018, 10:16 p.m.
  • Length: 16:27
Show
View Real Time Build Order
Export as new Build Order

Hznx Protoss - Winner!

Build Orders: Oracle Opening 

Get SALT Encoding   

  12  0:02  Probe  
  13  0:14  Probe  
  13  0:19  Pylon  
  14  0:27  Probe (Chrono Boost)  
  15  0:39  Probe (Chrono Boost)  
  16  0:46  Gateway  
  16  0:47  Probe (Chrono Boost)  
  17  0:53  Assimilator, Probe  
  18  0:59  Assimilator  
  18  1:05  Probe  
  19  1:15  Gateway  
  19  1:17  Probe (Chrono Boost)  
  20  1:29  Probe (Chrono Boost)  
  21  1:36  Probe (Chrono Boost)  
  22  1:40  Cybernetics Core  
  22  1:46  Pylon  
  22  1:47  Probe  
  23  2:04  Probe  
  24  2:16  Probe  
  25  2:23  Stalker x2  
  25  2:27  Warp Gate (Chrono Boost)  
  29  2:35  Stargate  
  29  2:40  Pylon  
  29  2:41  Probe  
  30  2:54  Probe  
  31  3:12  Pylon, Nexus  
  31  3:18  Oracle (Chrono Boost)  
  31  3:24  Probe  
  35  3:33  Robotics Facility  
  35  3:42  Probe  
  35  3:47  Stalker, Sentry  
  40  3:56  Probe  
  40  4:00  Shield Battery  
  41  4:08  Probe  
  42  4:20  Probe  
  42  4:23  Observer (Chrono Boost)  
  44  4:27  Probe  
  45  4:32  Probe  
  46  4:56  Void Ray (Chrono Boost)  
  50  5:03  Stargate  
  50  5:06  Probe x2  
  52  5:11  Assimilator  
  52  5:14  Assimilator  
  52  5:18  Pylon, Probe x2  
  54  5:22  Pylon  
  54  5:29  Void Ray (Chrono Boost)  
  54  5:30  Probe x2  
  54  5:34  Warp Prism  
  62  5:42  Probe x2  
  64  5:50  Gateway  
  64  5:53  Gateway, Stalker x2  
  64  5:54  Probe  
  64  5:55  Probe  
  70  6:06  Probe  
  71  6:14  Immortal (Chrono Boost)  
  76  6:30  Pylon, Void Ray (Chrono Boost)  
  76  6:36  Gateway  
  76  6:44  Pylon  
  76  6:45  Void Ray (Chrono Boost)  
  76  6:50  Pylon  
  80  7:03  Twilight Council  
  80  7:06  Void Ray (Chrono Boost)  
  80  7:07  Forge  
  84  7:11  Stalker  
  84  7:12  Stalker  
  84  7:13  Stalker  
  84  7:14  Probe  
  91  7:21  Observer (Chrono Boost)  
  92  7:28  Void Ray  
  96  7:40  Nexus  
  96  7:55  Sentry x2  
  96  7:56  Sentry  
  102  8:30  Blink (Chrono Boost)  
  102  8:50  Pylon  
  102  8:51  Immortal, Probe  
  102  8:52  Photon Cannon, Probe  
  102  8:54  Photon Cannon  
  108  8:56  Photon Cannon, Pylon  
  108  8:57  Assimilator  
  108  8:58  Pylon  
  108  9:01  Assimilator  
  108  9:02  Pylon  
  108  9:04  Probe  
  108  9:05  Photon Cannon  
  108  9:09  Photon Cannon  
  109  9:12  Void Ray (Chrono Boost)  
  109  9:15  Photon Cannon, Void Ray (Chrono Boost)  
  117  9:30  Immortal  
  121  9:35  Probe x2  
  121  9:36  Probe  
  124  9:45  Photon Cannon  
  124  9:47  Probe x2  
  126  9:58  Fleet Beacon  
  126  10:06  Pylon  
  126  10:09  Pylon  
  126  10:11  Gateway  
  126  10:15  Gateway, Charge  
  126  10:16  Stalker x2  
  130  10:27  Templar Archives  
  130  10:41  Probe  
  130  10:42  Probe  
  132  10:46  Pylon  
  133  10:50  Probe  
  133  10:53  Probe  
  133  10:54  Probe  
  133  10:56  Nexus  
  135  10:59  Zealot x3  
  135  11:00  Zealot x2  
  123  11:24  Zealot  
  123  11:25  Zealot x4  
  129  11:26  Protoss Ground Weapons Level 1 (Chrono Boost)  
  129  11:27  Probe x3  
  134  11:47  Carrier x2 (Chrono Boost)  
  134  11:48  Forge  
  146  11:56  High Templar x3  
  146  11:57  High Templar x2  
  156  12:03  Mothership (Chrono Boost)  
  164  12:12  High Templar  
  164  12:13  Zealot  
  168  12:16  Archon x3  
  168  12:28  Probe  
  168  12:29  Probe x2  
  171  12:30  Protoss Shields Level 1 (Chrono Boost)  
  171  12:33  Pylon  
  171  12:35  Assimilator  
  171  12:40  Assimilator  
  171  12:42  Protoss Air Weapons Level 1 (Chrono Boost)  
  171  12:49  Pylon  
  171  12:52  Pylon  
  171  12:56  Protoss Ground Armor Level 1 (Chrono Boost)  
  171  13:06  Carrier (Chrono Boost), Probe x3  
  171  13:11  Carrier (Chrono Boost)  
  186  13:14  Immortal (Chrono Boost)  
  186  13:18  Probe  
  186  13:19  Graviton Catapult  
  191  13:31  Photon Cannon  
  191  13:34  Photon Cannon  
  191  13:36  Photon Cannon  
  191  13:41  Pylon  
  191  13:50  Immortal  
  195  14:04  Nexus  
  195  14:07  Photon Cannon  
  195  14:10  Photon Cannon  
  195  14:12  Photon Cannon  
  195  14:17  Protoss Air Armor Level 1 (Chrono Boost)  
  195  14:29  Photon Cannon  
  195  14:30  Photon Cannon  
  195  14:33  Photon Cannon  
  195  14:35  Photon Cannon  
  195  14:38  Photon Cannon  
  195  15:28  Pylon  
  195  15:31  Pylon  
  195  15:55  Probe x2  
  193  16:12  Nexus  
  193  16:15  Pylon  
  191  16:18  Pylon  
  191  16:23  Assimilator  
  191  16:24  Assimilator  
  191  16:26  Assimilator  
  191  16:27  Assimilator  
Show
View Real Time Build Order
Export as new Build Order

CinDra Protoss 

Build Orders:  

Get SALT Encoding   

  12  0:01  Probe  
  13  0:13  Probe  
  14  0:25  Pylon  
  14  0:26  Probe  
  15  0:43  Probe  
  15  0:48  Gateway  
  16  0:55  Probe  
  17  1:06  Assimilator  
  17  1:08  Probe  
  18  1:20  Probe  
  19  1:32  Probe  
  20  1:35  Zealot  
  22  1:44  Probe  
  23  1:47  Cybernetics Core  
  23  2:03  Pylon  
  23  2:09  Pylon  
  23  2:21  Probe  
  23  2:22  Nexus  
  24  2:31  Warp Gate (Chrono Boost)  
  24  2:33  Probe  
  24  2:36  Adept  
  27  2:46  Probe  
  27  2:49  Gateway  
  27  2:50  Robotics Facility  
  28  2:54  Assimilator  
  28  2:58  Probe  
  29  3:08  Adept  
  31  3:22  Probe  
  32  3:34  Probe  
  33  3:41  Probe  
  33  3:46  Probe  
  33  3:47  Pylon  
  35  3:51  Observer  
  35  3:54  Probe  
  37  3:58  Probe  
  38  4:03  Robotics Bay  
  38  4:09  Probe  
  39  4:10  Probe  
  39  4:14  Assimilator  
  40  4:18  Assimilator, Stalker x2  
  40  4:21  Probe  
  40  4:23  Probe  
  46  4:32  Warp Prism  
  46  4:33  Probe  
  46  4:35  Probe  
  45  4:42  Stalker x2  
  42  5:06  Stalker  
  44  5:07  Stalker  
  44  5:13  Pylon, Probe x2  
  48  5:24  Pylon  
  48  5:25  Probe x2  
  50  5:37  Probe x2  
  52  5:48  Stalker x2  
  52  5:49  Probe x2  
  58  5:57  Observer Gravitic Boosters  
  47  6:16  Stalker x2  
  51  6:20  Probe x2 (Chrono Boost)  
  53  6:30  Probe x2 (Chrono Boost)  
  55  6:34  Probe (Chrono Boost)  
  55  6:35  Probe (Chrono Boost)  
  57  6:46  Probe (Chrono Boost)  
  57  6:47  Probe (Chrono Boost)  
  59  6:49  Stalker x2  
  63  7:03  Colossus  
  63  7:04  Pylon  
  69  7:16  Probe (Chrono Boost)  
  69  7:17  Probe (Chrono Boost)  
  71  7:26  Probe x2 (Chrono Boost)  
  71  7:28  Gateway  
  71  7:29  Extended Thermal Lance  
  73  7:30  Gateway  
  73  7:35  Stalker  
  73  7:36  Stalker  
  67  8:24  Probe (Chrono Boost)  
  67  8:25  Probe (Chrono Boost)  
  70  8:35  Probe (Chrono Boost)  
  70  8:36  Probe (Chrono Boost)  
  70  8:39  Stalker x2  
  74  8:50  Colossus  
  80  9:17  Stalker  
  80  9:19  Stalker  
  80  9:23  Stalker  
  86  9:40  Pylon  
  86  9:42  Pylon x2  
  86  9:43  Pylon  
  86  9:50  Nexus  
  86  9:58  Probe x2  
  88  10:10  Probe x2  
  90  10:16  Observer  
  90  10:21  Stalker x3  
  93  10:22  Stalker  
  99  10:49  Probe x2  
  101  10:50  Forge  
  101  10:51  Forge  
  101  11:01  Probe x2  
  56  11:21  Stalker x4  
  54  11:35  Gateway  
  54  11:38  Gateway x2  
  54  11:42  Probe x3  
  57  11:54  Probe x3  
  60  12:06  Probe x3  
  63  12:12  Assimilator  
  63  12:14  Assimilator, Stalker x2  
  63  12:15  Stalker x2  
  71  12:18  Pylon  
  71  12:20  Pylon  
  71  12:28  Protoss Ground Weapons Level 1  
  71  12:29  Protoss Ground Armor Level 1  
  71  12:36  Colossus  
  77  12:39  Stalker x2  
  77  12:40  Stalker x2  
  77  12:41  Stalker x2  
  77  12:42  Stalker  
  91  13:02  Stargate  
  91  13:11  Probe  
  91  13:12  Probe x2  
  94  13:23  Probe  
  94  13:24  Stalker  
  94  13:25  Stalker x3  
  94  13:26  Stalker  
  105  13:37  Stalker x2  
  109  13:42  Pylon  
  109  13:57  Stalker x2  
  109  13:59  Stalker  
  109  14:00  Stalker  
  117  14:06  Void Ray  
  121  14:20  Stargate  
  121  14:21  Stargate  
  121  14:23  Stargate  
  121  14:28  Stargate  
  121  14:30  Stargate  
  121  14:36  Twilight Council  
  121  14:45  Stalker x2  
  123  14:46  Stalker x3  
  123  14:47  Stalker x2  
  135  14:55  Colossus  
  141  15:10  Fleet Beacon  
  141  15:16  Void Ray  
  141  15:20  Void Ray  
  149  15:41  Stalker x2  
  149  15:42  Stalker x2  
  87  16:20  Stalker x3  
Tags
 
Matchup
PvP
Spawn Locations
Cross Positions
Add a new tag
Caveats
  • Supply blocks, unpowered buildings, or Contaminate may cause inaccurate times.
  • Supply counts are checked every 10 seconds.